 Dungeon Crawl Stone Soup version 0.26.0-45-g9c1d065592 (webtiles) character file.

Game seed: 92726429741674389

492 pokeman the Magician (level 6, -1/34 HPs)
             Began as a Deep Elf Hedge Wizard on Jan 30, 2021.
             Killed by divine providence
             ... invoked by an orc priest
              (8 damage)
             ... on level 4 of the Dungeon.
             The game lasted 00:10:36 (5280 turns).

pokeman the Magician (Deep Elf Hedge Wizard)        Turns: 5280, Time: 00:10:37

Health: -1/34      AC:  5    Str:  7    XL:     6   Next: 91%
Magic:  7/18       EV: 13    Int: 21    God:
Gold:   168        SH:  5    Dex: 14    Spells: 9/20 levels left

rFire    . . .     SeeInvis .   u - +2 dagger (drain)
rCold    . . .     Faith    .   (no shield)
rNeg     + . .     Spirit   .   b - +0 robe
rPois    .         Reflect  +   x - +0 helmet
rElec    .         Harm     .   s - +0 cloak
rCorr    .         Rampage  .   (no gloves)
Will     .....                  k - +0 pair of boots (curse)
Stlth    ++........             c - amulet of reflection
HPRegen  0.11/turn              h - ring of flight
MPRegen  0.16/turn              n - ring of positive energy

@: very slightly contaminated
A: no striking features
a: Evoke Flight


You were on level 4 of the Dungeon.
You visited 1 branch of the dungeon, and saw 4 of its levels.

You collected 168 gold pieces.

Inventory:

Hand Weapons
 u - a +2 dagger of draining (weapon)
Missiles
 g - 100 arrows
Armour
 b - a +0 robe (worn)
 k - a cursed +0 pair of boots (worn)
 s - a +0 cloak (worn)
 x - a +0 helmet (worn)
Jewellery
 c - an amulet of reflection (around neck)
 d - an uncursed amulet of regeneration
 h - a ring of flight (left hand)
 n - a ring of positive energy (right hand)
Wands
 y - a wand of polymorph (12)
 A - a wand of disintegration (9)
Scrolls
 e - a scroll of fear {unknown}
 f - a scroll of immolation {unknown}
 l - a scroll of fog {unknown}
 o - 5 scrolls of identify {unknown}
 p - a scroll of enchant weapon {unknown}
 r - a scroll of remove curse {unknown}
 t - 4 scrolls of magic mapping {unknown}
Potions
 a - a potion of ambrosia {unknown}
 i - a potion of lignification {unknown}
 j - 2 potions of attraction {unknown}
 m - 2 potions of haste {unknown}
 q - a potion of might {unknown}
 v - a potion of brilliance {unknown}
 w - a potion of magic {unknown}
 z - a potion of degeneration {unknown}


   Skills:
 + Level 1.1 Fighting
 - Level 1.0 Armour
 - Level 3.0 Dodging
 - Level 3.3 Stealth
 * Level 7.5 Spellcasting
 + Level 3.5 Conjurations
 - Level 1.1 Summonings
 - Level 1.1 Translocations
 - Level 1.0 Fire Magic
 - Level 2.0 Air Magic
 + Level 0.6 Poison Magic
 - Level 1.0 Evocations


You had 9 spell levels left.
You knew the following spells:

 Your Spells              Type           Power        Failure   Level
a - Magic Dart            Conj           88%          1%          1
b - Mephitic Cloud        Conj/Pois/Air  16%          11%         3
c - Call Imp              Summ           12%          9%          2
d - Blink                 Tloc           N/A          9%          2
e - Conjure Flame         Conj/Fire      17%          10%         3

Your spell library contained the following spells:

 Spells                   Type           Power        Failure   Level
 Slow                     Hex            7%           13%         2


Dungeon Overview and Level Annotations

Branches:
Dungeon (4/15)
 Temple: D:4-7

Altars:
Ashenzari
Cheibriados
Fedhas
Uskayaw


Message History

Casting: Magic Dart (safe; 1% risk of failure)
Confirm with . or Enter, or press ? or * to list all spells.
Aiming: Magic Dart (safe; 1% risk of failure)
Press: ? - help, Shift-Dir - straight line, f/p - orc wizard
Aim: an orc wizard, wielding a +0 dagger of venom and wearing a +0 robe (almost dead, 0% to evade)
The magic dart hits the orc wizard.
You kill the orc wizard!
Unknown command.
Casting: Magic Dart (safe; 1% risk of failure)
Confirm with . or Enter, or press ? or * to list all spells.
The spell is quite dangerous to cast (11% risk of failure)!
Continue anyway?
Aiming: Mephitic Cloud (quite dangerous; 11% risk of failure)
Press: ? - help, Shift-Dir - straight line, f - orc priest
Aim: an orc priest, wielding a +0 whip You miscast Mephitic Cloud.
You are very lightly contaminated with residual magic.
Nothing appears to happen.
The orc priest invokes the aid of Beogh against you.
Beogh smites you!
You die...

. ... .#...
.... #...
.... #..
.... #.# .†.
##.###)####.
#.@..o?.....
#...$......#
#..†...)...#
#..<).......
#..)...)...#
#..........#
#..........#
##....######
#.####


You could see an orc priest.

Vanquished Creatures
  Sigmund (D:3)
  An orc priest (D:4)
  An orc wizard (D:4)
  Natasha (thrice) (D:3)
  A worker ant (D:4)
  Robin (D:3)
  3 adders
  An ooze (D:2)
  2 worms
  2 dart slugs
  2 leopard geckos (D:3)
  3 orcs
  5 giant cockroaches
  18 goblins
  13 hobgoblins
  4 jackals
  2 quokkas
  2 ball pythons
  9 bats
  7 frilled lizards
  11 kobolds
  8 rats
100 creatures vanquished.

Vanquished Creatures (collateral kills)
  Crazy Yiuf (D:3)
  An ooze (D:3)
  A hobgoblin (D:3)
  A rat (D:3)
4 creatures vanquished.

Vanquished Creatures (others)
  2 plants (D:3)
2 creatures vanquished.

Grand Total: 106 creatures vanquished

Notes
Turn   | Place    | Note
-------+----------+-------------------------------------------
     0 | D:1      | pokeman the Deep Elf Hedge Wizard began the quest for the
                  | Orb.
     0 | D:1      | Reached XP level 1. HP: 10/10 MP: 7/7
   335 | D:1      | Reached XP level 2. HP: 13/15 MP: 7/9
  1131 | D:2      | Reached skill level 5 in Spellcasting
  1317 | D:2      | Reached XP level 3. HP: 20/20 MP: 7/11
  1321 | D:2      | Learned a level 3 spell: Mephitic Cloud
  1324 | D:2      | Learned a level 2 spell: Call Imp
  1327 | D:2      | Learned a level 2 spell: Blink
  1331 | D:2      | Learned a level 3 spell: Conjure Flame
  1358 | D:2      | HP: 1/20 [worm (10)]
  2045 | D:2      | Reached skill level 1 in Armour
  2149 | D:2      | Reached skill level 1 in Fighting
  2633 | D:3      | Noticed Natasha
  3023 | D:3      | Found a runed translucent door.
  3024 | D:3      | Noticed Crazy Yiuf
  3041 | D:3      | Killed Crazy Yiuf
  3042 | D:3      | Reached XP level 4. HP: 25/25 MP: 3/13
  3267 | D:3      | Found a snail-covered altar of Cheibriados.
  3525 | D:3      | Found a broken altar of Ashenzari.
  3557 | D:3      | Noticed a +0 dagger
  3557 | D:3      | Noticed a +0 hand axe
  3558 | D:3      | Found a hide-covered altar of Uskayaw.
  3597 | D:3      | Reached skill level 1 in Fire Magic
  3630 | D:3      | Killed Natasha
  3640 | D:3      | Noticed Sigmund
  3760 | D:3      | Noticed Natasha
  3768 | D:3      | Killed Natasha
  3769 | D:3      | Reached skill level 6 in Spellcasting
  3769 | D:3      | Reached XP level 5. HP: 9/29 MP: 8/15
  4119 | D:3      | Killed Sigmund
  4120 | D:3      | Reached skill level 1 in Air Magic
  4120 | D:3      | Reached XP level 6. HP: 29/34 MP: 13/17
  4223 | D:3      | Noticed Robin
  4232 | D:3      | Killed Robin
  4459 | D:3      | Reached skill level 7 in Spellcasting
  4872 | D:3      | Found a blossoming altar of Fedhas.
  4990 | D:3      | Noticed Natasha
  4997 | D:3      | Killed Natasha
  5202 | D:4      | Reached skill level 1 in Evocations
  5280 | D:4      | Killed from afar by an orc priest

Illustrated notes

Levels and vault maps discovered:
D:1:      sevenhm_arrival_forest_fort_small_6, layout_basic,
          grunt_decor_resistance
D:2:      layout_loops_corners
D:3:      minmay_razor_zed, layout_loops_ring, fedhas_ov_isle_minmay,
          kennysheep_slug_shrine, dancing_weapons_uskayaw, lemuel_doored_altar,
          uniq_crazy_yiuf_cottage, uniq_natasha, uniq_robin, uniq_sigmund
D:4:      layout_rooms, xom_teletrap_fun

Skill      XL: |  1  2  3  4  5  6 |
---------------+-------------------+-----
Spellcasting   | 5 6 7 |  7.5
Armour         | 1 |  1.0
Fighting       | 1 |  1.1
Conjurations   | 2 3 |  3.5
Fire Magic     | 1 |  1.0
Dodging        | 3 |  3.0
Stealth        | 3 |  3.3
Air Magic      | 1 2 |  2.0
Evocations     | 1 |  1.0
Summonings     | |  1.1
Translocations | |  1.1
Poison Magic   | |  0.6

Action                   |  1- 3 |  4- 6 || total
-------------------------+-------+-------++-------
Melee: Dagger            |     6 |    30 ||    36
 Cast: Magic Dart        |   125 |   119 ||   244
       Call Imp          |     3 |     2 ||     5
       Mephitic Cloud    |     1 |    10 ||    11
       Conjure Flame     |       |     2 ||     2
  Use: Potion            |     1 |       ||     1
 Stab: Confused          |     1 |     6 ||     7
Armor: Robe              |     7 |     6 ||    13
Dodge: Dodged            |    22 |    26 ||    48
Block: Other             |       |     3 ||     3
